 Dungeon Crawl Stone Soup version 0.21-a0-401-g0b6bec4 (webtiles) character file.

249 Salmacis the Insei (level 6, -13/43 HPs)
             Began as an Octopode Monk on Oct 25, 2017.
             Was a Believer of Wu Jian.
             Mangled by an ogre
             ... wielding a +0 giant club
              (31 damage)
             ... on level 4 of the Dungeon.
             The game lasted 00:18:22 (2771 turns).

Salmacis the Insei (Octopode Monk)                  Turns: 2771, Time: 00:18:23

Health: -13/43     AC:  1    Str: 10    XL:     6   Next: 12%
Magic:  6/6        EV: 21    Int: 12    God:    Wu Jian [**....]
Gold:   119        SH:  0    Dex: 22    Spells: 5/5 levels left

rFire    . . .     SeeInvis .     - Unarmed
rCold    . . .     Gourm    .   (no shield)
rNeg     . . .     Faith    .   (helmet restricted)
rPois    .         Spirit   .   (no amulet)
rElec    .         Reflect  .   (no ring)
rCorr    .         Harm     .   (no ring)
MR       .....                  (no ring)
Stlth    +++++.....             (no ring)
HPRegen  0.14/turn              (no ring)
MPRegen  0.10/turn              (no ring)
                                (no ring)
                                (no ring)

@: agile
A: almost no armour, stealthy swim, amphibious, 8 rings, constrict 8, camouflage
1, gelatinous body 1
a: Renounce Religion


You were on level 4 of the Dungeon.
You worshipped Wu Jian.
Wu Jian was pleased with you.
You were hungry.

You visited 1 branch of the dungeon, and saw 4 of its levels.

You collected 119 gold pieces.

Inventory:

Hand Weapons
 q - a +0 arbalest
Jewellery
 e - an uncursed ring of protection from magic {unknown}
Scrolls
 b - a scroll of fog {unknown}
 c - 2 scrolls of amnesia
 d - 2 scrolls of teleportation
 h - a scroll of enchant armour {unknown}
 j - a scroll of noise
 k - 2 scrolls of remove curse {unknown}
 p - a scroll of fear {unknown}
 r - a scroll of enchant weapon {unknown}
Potions
 f - a potion of brilliance {unknown}
 g - a potion of lignification {unknown}
 o - a potion of magic {unknown}
Comestibles
 a - 6 bread rations
 m - a meat ration
 n - a fruit


   Skills:
 - Level 3.7 Fighting
 + Level 4.1 Dodging
 - Level 4.2 Stealth
 * Level 5.0 Unarmed Combat


You had 5 spell levels left.
You didn't know any spells.

Dungeon Overview and Level Annotations

Branches:
Dungeon (4/15)
 Temple: D:4-7

Altars:
Hepliaklqana
Wu Jian
Xom


Innate Abilities, Weirdness & Mutations

You cannot wear most types of armour.
You are very stealthy in the water. (Stealth+)
You are amphibious.
You can wear up to eight rings at the same time.
You can use your tentacles to constrict eight enemies at once.
Your skin changes colour to match your surroundings (Stealth+).
Your rubbery body absorbs attacks. (AC +1, EV +1)


Message History

You climb downwards.
There is a stone staircase leading up here.
HP restored.
You now have 119 gold pieces (gained 15).
The ogre is too close now for your liking.
The helpless ogre fails to defend itself.
You tentacle-slap the ogre.
The ogre is lightly wounded.
The ogre completely misses you.
You barely miss the ogre.
The ogre is lightly wounded.
The ogre hits you with a giant club!!
Ouch! That really hurt!
You feel better.
You feel agile all of a sudden. The ogre hits you with a giant club!
* * * LOW HITPOINT WARNING * * *
You feel better. The ogre hits you with a giant club!!
Ouch! That really hurt!
You die...

#.# #.#
############.#
#.........##.#######
#.#######.##.......#
#.# #.#...####.# #.#
#......# #.# #.###
#.#.<.####.#####
#...#
#......O@......#
###.#
####.#####........
#.# #.# #..##.##.
#.# #.# #..# .. #.#
... ...# #. ##.# ...
##.# ##..# .... ..
#...#### ## .......+


You could see an ogre.

Vanquished Creatures
  An ogre (D:3)
  Terence (D:3)
  An iguana (D:4)
  3 adders
  An ooze (D:1)
  3 worms
  2 dart slugs (D:2)
  3 leopard geckos
  2 orcs (D:3)
  11 bats
  A giant cockroach (D:1)
  6 goblins
  8 hobgoblins
  3 quokkas (D:2)
  3 frilled lizards
  4 kobolds
  9 rats
62 creatures vanquished.

Notes
Turn   | Place    | Note
-------+----------+-------------------------------------------
     0 | D:1      | Salmacis the Octopode Monk began the quest for the Orb.
     0 | D:1      | Reached XP level 1. HP: 16/16 MP: 1/1
    35 | D:1      | Reached XP level 2. HP: 21/21 MP: 2/2
   464 | D:1      | Reached XP level 3. HP: 25/26 MP: 3/3
   933 | D:2      | Found a shimmering altar of Xom.
   935 | D:2      | Found a shimmering altar of Xom.
   946 | D:2      | Found a shimmering altar of Xom.
   951 | D:2      | Found a shimmering altar of Xom.
   953 | D:2      | Found a shimmering altar of Xom.
   962 | D:2      | Found a shimmering altar of Xom.
   965 | D:2      | You fall through a shaft for 2 floors!
   971 | D:4      | Reached XP level 4. HP: 31/31 MP: 4/4
  1091 | D:3      | Noticed an ogre
  1265 | D:2      | You fall through a shaft for 2 floors!
  1348 | D:4      | Noticed an ogre
  1488 | D:2      | Reached skill level 4 in Unarmed Combat
  1498 | D:2      | Found a hazy altar of Hepliaklqana.
  1577 | D:2      | Found a shimmering altar of Xom.
  1643 | D:2      | Found an ornate altar of the Wu Jian Council.
  1649 | D:2      | Became a worshipper of the Wu Jian Council
  1649 | D:2      | Reached * piety under Wu Jian
  1649 | D:2      | Reached ** piety under Wu Jian
  1814 | D:2      | Reached XP level 5. HP: 31/36 MP: 5/5
  2402 | D:3      | Noticed Terence
  2409 | D:3      | Killed Terence
  2590 | D:3      | Killed an ogre
  2590 | D:3      | Reached skill level 5 in Unarmed Combat
  2590 | D:3      | Reached XP level 6. HP: 20/43 MP: 6/6
  2771 | D:4      | Mangled by an ogre

Vault maps used:
D:1:      scummos_arrival_hexagon, minmay_splitting_lines
D:2:      minmay_diamond_boxcup, marbit_many_paths, old_standard_altar,
          lemuel_doored_altar, first_bread, xom_redecorated
D:3:      uniq_terence
D:4:      minmay_mini_ossuary

Skill      XL: |  1  2  3  4  5 |
---------------+----------------+-----
Stealth        | 3 4 |  4.2
Unarmed Combat | 4 5 |  5.0
Dodging        | 4 |  4.1
Fighting       | |  3.7

Action                   |  1- 3 |  4- 6 || total
-------------------------+-------+-------++-------
Melee: Unarmed           |    58 |    76 ||   134
       Tentacles         |    15 |    17 ||    32
       Constrict         |    13 |    19 ||    32
       Punch             |     2 |     2 ||     4
  Use: Scroll            |       |     6 ||     6
       Potion            |       |     4 ||     4
 Stab: Sleeping          |     8 |    18 ||    26
  Eat: Chunk             |       |     5 ||     5
Armor: Skin              |     6 |     2 ||     8
Dodge: Dodged            |    42 |    31 ||    73

Table legend:
 A = Spawn XP
 B = Non-spawn XP
 C = Spawn XP percentage of total XP
 D = Spawn monster count
 E = Non-spawn monster count
 F = Spawn count percentage of total count
 G = Total turns spent on level
                    A         B        C        D         E        F      G
               +---------+---------+-------+---------+---------+-------+---------
         Total |       0 |     356 |   0.0 |       0 |      62 |   0.0 |  2771
               +---------+---------+-------+---------+---------+-------+---------
           D:1 |       0 |      45 |   0.0 |       0 |      23 |   0.0 |   798
           D:2 |       0 |      68 |   0.0 |       0 |      21 |   0.0 |   849
           D:3 |       0 |     191 |   0.0 |       0 |      15 |   0.0 |   895
           D:4 |       0 |      52 |   0.0 |       0 |       3 |   0.0 |   229
               +---------+---------+-------+---------+---------+-------+---------
